AoeStats
← kabotajoe

Arabia

510068946Analyzed
1v1 RM · 3d ago on Sep 29, 2026· 56m 38s· 2 players
Game mode
Random Map
Map size
Tiny (2 player)
Population
200
Speed
Normal
Resources
Standard
Victory
Conquest
Starting age
Dark Age
Ending age
Imperial Age
RankedLock teamsTeams togetherTeam positionsShared explorationLock speedFull tech treeHidden civsTurbo modeCheats
Victory
Defeat
🇩🇪 Magyars · Germany
970
+12
🇦🇷 Sicilians · Argentina
883
-12
el_rey_de_los_mancos
1:30 Loom
10:00 Feudal Age
10:29 Double-Bit Axe
10:39 Gold Mining
20:36 Scale Mail Armor
22:02 Forging
26:58 Horse Collar
29:13 Padded Archer Armor
34:27 Castle Age
33:25 Scale Barding Armor
35:22 Husbandry
35:33 Bloodlines
35:40 Bow Saw
40:39 Chain Barding Armor
44:31 Wheelbarrow
43:42 Town Watch
47:04 Gold Shaft Mining
46:22 Stone Mining
48:33 Iron Casting
49:10 Sanctity
50:20 Fervor
53:07 Imperial Age
50:23 Elite Skirmisher
52:34 Pikeman
53:16 Squires
53:05 Gambesons
53:39 Chain Mail Armor
54:02 Hand Cart
54:34 Cavalier
kabotajoe
7:12 Loom
9:36 Feudal Age
10:16 Double-Bit Axe
13:06 Horse Collar
21:52 Wheelbarrow
22:24 Padded Archer Armor
25:59 Castle Age
24:55 Fletching
26:18 Crossbowman
38:34 Stone Mining
38:35 Gold Mining
40:08 Bloodlines
39:58 Husbandry
41:53 Heavy Plow
41:59 Corvinian Army
42:45 Pikeman
50:31 Imperial Age
49:29 Scale Mail Armor
49:25 Bodkin Arrow
51:05 Chain Mail Armor
51:09 Leather Archer Armor
51:54 Conscription
51:19 Elite Magyar Huszar
53:00 Bracer
55:54 Hand Cart
55:52 Bow Saw
Connection lost

Rejoining the realm…

Still unreachable

The connection could not be restored.

Session expired

The server has moved on; the page needs a fresh start.